 Dungeon Crawl Stone Soup version 0.29.1-2-gbd0b4ee654 (webtiles) character file.

Game seed: 6535702628903589248

5302 Hadkhar the Fighter (level 10, -11/86 HPs)
             Began as a Formicid Fighter on Nov 6, 2022.
             Was an Elder of Uskayaw.
             Mangled by a boulder beetle (22 damage)
             ... on level 8 of the Dungeon.
             The game lasted 00:48:07 (12791 turns).

Hadkhar the Fighter (Formicid Fighter)             Turns: 12791, Time: 00:48:08

Health: -11/86     AC:  8    Str: 25    XL:     10   Next: 95%
Magic:  14/14      EV: 14    Int:  8    God:    Uskayaw [****..]
Gold:   469        SH: 11    Dex: 13    Spells: 9/9 levels left

rFire   . . .      SeeInvis +   s - +2 war axe (flame)
rCold   . . .      Faith    .   v - +0 kite shield
rNeg    . . .      Spirit   .   x - +0 steam dragon scales
rPois   .          Reflect  .   (helmet unavailable)
rElec   .          Harm     .   w - +0 cloak
rCorr   .          Rampage  .   (no gloves)
Will    +....                   (no boots)
Stlth   +.........              (no amulet)
HPRegen 0.24/turn               u - +4 ring of evasion
MPRegen 0.14/turn               (no ring)

@: mighty
A: permanent stasis, dig shafts and tunnels, antennae 3, four strong arms
a: Dig, Shaft Self, Renounce Religion, Stomp, Line Pass


You were on level 8 of the Dungeon.
You worshipped Uskayaw.
Uskayaw was noncommittal.
You visited 2 branches of the dungeon, and saw 9 of its levels.

You collected 469 gold pieces.

Inventory:

Hand Weapons
 a - a +2 antimagic spear
 s - a +2 war axe of flaming (weapon)
Armour
 v - a +0 kite shield (worn)
 w - a +0 cloak (worn)
 x - +0 steam dragon scales (worn)
Jewellery
 p - the ring of Ceagirph {rPois rC+ Str+2 Int-5}
   (You found it on level 2 of the Dungeon)

   [ring of protection from cold]

   Str:       It affects your strength (+2).
   Int:       It affects your intelligence (-5).
   rC:        It protects you from cold.
   rPois:     It protects you from poison.
 u - a +4 ring of evasion (left hand)
Wands
 h - a wand of digging (5)
 y - a wand of charming (10)
Scrolls
 c - 4 scrolls of fear
 f - 3 scrolls of butterflies
 g - 3 scrolls of immolation
 j - 2 scrolls of amnesia
 k - 2 scrolls of brand weapon
 l - 5 scrolls of vulnerability {unknown}
 m - 3 scrolls of noise
 n - a scroll of blinking {unknown}
 r - a scroll of enchant weapon {unknown}
 t - 2 scrolls of enchant armour {unknown}
Potions
 b - a potion of brilliance {unknown}
 d - 3 potions of might
 e - a potion of attraction
 i - 4 potions of flight
 o - 2 potions of curing
 q - a potion of invisibility
 A - a potion of heal wounds {unknown}


   Skills:
 + Level 10.6 Fighting
 + Level 7.2 Axes
 - Level 7.3 Armour
 + Level 9.9 Shields
 * Level 5.6 Invocations


You had 9 spell levels left.
You didn't know any spells.
Your spell library contained the following spells:

 Spells                   Type           Power      Damage    Failure   Level
 Shock                    Conj/Air       0%         1d3       63%         1
 Sublimation of Blood     Necr           0%         N/A       77%         2
 Conjure Flame            Conj/Fire      0%         6-21      94%         3
 Ignite Poison            Fire/Tmut/Pois 0%         N/A       94%         3
 Mephitic Cloud           Conj/Pois/Air  0%         N/A       94%         3
 Ozocubu's Armour         Ice            0%         N/A       94%         3
 Airstrike                Air            0%         2d(0-16)  100%        4
 Petrify                  Tmut/Erth      0%         N/A       100%        4
 Sticky Flame             Conj/Fire      0%         2d3       100%        4
 Freezing Cloud           Conj/Ice/Air   0%         6-21      100%        5
 Irradiate                Conj/Tmut      0%         3d11      100%        5
 Metabolic Englaciation   Hex/Ice        0%         N/A       100%        5
 Simulacrum               Ice/Necr       0%         N/A       100%        6
 Swiftness                Air            Unusable   N/A       N/A         3

Dungeon Overview and Level Annotations

Branches:
Dungeon (8/15)             Temple (1/1) D:6
   Lair: D:8-11

Altars:
Ashenzari
Dithmenos
Elyvilon
Fedhas
Gozag
Hepliaklqana
Kikubaaqudgha
Makhleb
Qazlal
Sif Muna
Trog
Uskayaw
Vehumet
Wu Jian
Xom
Yredelemnul
Zin
The Shining One

Shops:
D:3 :   D:4 (


Innate Abilities, Weirdness & Mutations

You cannot be hasted, slowed, berserked, paralysed or teleported.
You can dig through walls and to a lower floor.
You have a pair of large antennae on your head. (SInv)
Your four strong arms can wield two-handed weapons with a shield.


Message History

The centaur warrior hits you but does no damage.
The centaur warrior kicks you but does no damage.
The centaur warrior barely misses you. The centaur warrior closely misses you.
Uskayaw will force your foes to share their pain.
You hit the centaur warrior. You burn the centaur warrior.
You kill the centaur warrior!
Your life force feels restored.
Your Invocations skill increases to level 5!
You hit the boulder beetle but do no damage.
The boulder beetle bites you!
You slash the boulder beetle! You burn the boulder beetle.
The boulder beetle is lightly wounded.
You block the boulder beetle's attack.
You hit the boulder beetle but do no damage.
The boulder beetle is lightly wounded.
The boulder beetle bites you!! The boulder beetle barely misses you.
Okay, then.
Unknown command.
You are confused.
You feel invigorated. The boulder beetle bites you!!
* * * LOW HITPOINT WARNING * * *
You feel very mighty all of a sudden.
The boulder beetle completely misses you.
The boulder beetle attacks as you move away!
The boulder beetle bites you!
* * * LOW HITPOINT WARNING * * *
The boulder beetle closely misses you.
You slice the boulder beetle!! You burn the boulder beetle.
The boulder beetle is moderately wounded.
You feel less invigorated.
You feel less confused. The boulder beetle bites you!
* * * LOW HITPOINT WARNING * * *
You slash the boulder beetle! You burn the boulder beetle.
The boulder beetle is heavily wounded.
The boulder beetle misses you.
You slash the boulder beetle! You burn the boulder beetle.
The boulder beetle is heavily wounded.
The boulder beetle bites you!!
You die...

♣..#{{.{{ ♣ ♣..#{{{ .♣ .#
♣..'#####+..♣ ##.# ♣...........♣
{ ... ♣....{{K....♣ ##.#
♣♣♣♣♣♣{♣♣♣♣♣♣ ...# ♣{♣ ...#
######{###### ...#######
♣♣..@B♣{♣.)..♣♣ .........#
#♣....♣o♣.♣†...♣# ### ..#......#
#.....♣♣♣♣♣.....####.. ..#......#
#♣....♣.♣.♣....♣#..... ..#......#
♣♣..).♣.♣....♣♣##.#<#
..#......##########.####### #.###
..#........................ #...#
.§§......#................# #...
§≈§§.....################..#>...#


You could see a boulder beetle and an orc warrior.

Vanquished Creatures
  A centaur warrior (D:8)
  Pikel (D:7)
  Joseph (D:7)
  Grinder (D:5)
  A vampire (D:8)
  Eustachio (D:4)
  3 steam dragons (D:8)
  Edmund (D:5)
  A water moccasin (D:8)
  Duvessa (D:4)
  3 sky beasts
  An orc warrior (D:7)
  An ice beast (D:7)
  A black bear (D:5)
  An ogre (D:5)
  3 centaurs
  A phantom (D:5)
  2 lemures (D:7)
  4 bullfrogs
  2 kobold brigands
  A gnoll sergeant (D:8)
  A necrophage (D:8)
  4 scorpions
  Dowan (D:4)
  3 killer bees (D:8)
  3 jellies
  2 orc priests (D:7)
  3 hounds
  Natasha (twice) (D:4)
  2 iguanas
  7 orc wizards
  Robin (D:4)
  11 adders
  8 gnolls
  2 river rats (D:3)
  2 shadow imps
  2 white imps (D:6)
  An ufetubus (D:5)
  2 worms (D:2)
  2 dart slugs
  21 orcs
  6 bats
  7 endoplasms
  2 giant cockroaches (D:3)
  15 hobgoblins
  2 jackals (D:1)
  15 kobolds
  4 quokkas
  10 ball pythons
  5 frilled lizards
  15 goblins
  9 rats
202 creatures vanquished.

Notes
Turn   | Place    | Note
-------+----------+-------------------------------------------
     0 | D:1      | Hadkhar the Formicid Fighter began the quest for the Orb.
     0 | D:1      | Reached XP level 1. HP: 18/18 MP: 1/1
   652 | D:1      | Reached XP level 2. HP: 24/24 MP: 2/2
   918 | D:1      | Reached XP level 3. HP: 28/30 MP: 3/3
  1344 | D:2      | Reached skill level 4 in Fighting
  1725 | D:2      | Reached XP level 4. HP: 37/37 MP: 4/4
  2302 | D:2      | Identified the ring of Ceagirph {rPois rC+ Str+2 Int-5}
  3444 | D:3      | Found Awnitsur's Book Shop.
  3539 | D:3      | Reached XP level 5. HP: 38/43 MP: 5/5
  3708 | D:3      | Found a faded altar of an unknown god.
  3978 | D:3      | HP: 2/43 [river rat (8)]
  5069 | D:4      | Found Uxkuh's Antique Weapon Shoppe.
  5096 | D:4      | Noticed Robin
  5111 | D:4      | Killed Robin
  5112 | D:4      | Reached skill level 5 in Shields
  5775 | D:4      | Reached skill level 5 in Fighting
  5787 | D:4      | Reached XP level 6. HP: 41/51 MP: 6/6
  5865 | D:4      | Found a shimmering altar of Xom.
  6033 | D:4      | Noticed Eustachio
  6062 | D:4      | Killed Eustachio
  6175 | D:4      | Noticed Natasha
  6181 | D:4      | Killed Natasha
  6182 | D:4      | Reached XP level 7. HP: 57/57 MP: 7/7
  6188 | D:4      | Noticed Natasha
  6193 | D:4      | Killed Natasha
  6375 | D:4      | Noticed Duvessa
  6376 | D:4      | Noticed Dowan
  6388 | D:4      | Killed Duvessa
  6389 | D:4      | Reached skill level 6 in Fighting
  6429 | D:4      | Killed Dowan
  7024 | D:5      | Entered Level 5 of the Dungeon
  7063 | D:5      | Noticed Grinder
  7085 | D:5      | Killed Grinder
  7086 | D:5      | Reached skill level 5 in Armour
  7086 | D:5      | Reached XP level 8. HP: 65/65 MP: 8/8
  7418 | D:5      | Reached skill level 7 in Fighting
  7804 | D:5      | Noticed Edmund
  7812 | D:5      | Killed Edmund
  8722 | D:5      | Reached skill level 8 in Fighting
  8722 | D:5      | Reached skill level 5 in Axes
  8722 | D:5      | Reached XP level 9. HP: 25/74 MP: 9/9
  9165 | D:6      | Found a glowing golden altar of the Shining One.
  9296 | D:6      | Found a staircase to the Ecumenical Temple.
  9615 | Temple   | Entered the Ecumenical Temple
  9698 | Temple   | Became a worshipper of Uskayaw the Reveller
  9801 | D:6      | Reached * piety under Uskayaw
  9806 | D:6      | Reached ** piety under Uskayaw
 10082 | D:6      | Reached *** piety under Uskayaw
 10520 | D:7      | Reached skill level 9 in Fighting
 11385 | D:7      | Noticed Pikel
 11397 | D:7      | Reached **** piety under Uskayaw
 11398 | D:7      | Killed Pikel
 11398 | D:7      | Reached ***** piety under Uskayaw
 11399 | D:7      | Reached skill level 10 in Fighting
 11399 | D:7      | Reached XP level 10. HP: 78/85 MP: 10/10
 11473 | D:7      | Noticed Joseph
 11485 | D:7      | Killed Joseph
 11638 | D:7      | Found an ancient bone altar of Kikubaaqudgha.
 12461 | D:8      | Found an opulent altar of Gozag.
 12757 | D:8      | Noticed a centaur warrior
 12757 | D:8      | Noticed a boulder beetle
 12757 | D:8      | Noticed a wolf spider
 12781 | D:8      | Killed a centaur warrior
 12782 | D:8      | Reached skill level 5 in Invocations
 12791 | D:8      | Mangled by a boulder beetle

Illustrated notes

Levels and vault maps discovered:
D:1:      grunt_arrival_lava_bath, layout_loops_ring, minmay_door_square
D:2:      minmay_chambers_of_ones, layout_loops_corners,
          minmay_misc_feat_more_columns, lightli_corner_chamber
D:3:      layout_basic, hellmonk_ecumenical_altar_arch_garden,
          gup_sewer_entry_spiral, serial_shops, nicolae_shop_statue_plus
D:4:      layout_loops_ring, tgw_xom, serial_shops, nicolae_square_shop,
          minmay_misc_feat_secret_circle, uniq_natasha, uniq_robin,
          uniq_eustachio, uniq_duvessa
D:5:      layout_basic, serial_glass, glass_columns_b, glass_columns_a,
          glass_columns_a, glass_columns_a, glass_columns_a, glass_columns_a,
          glass_columns_b, glass_columns_c, glass_columns_b, glass_columns_c,
          uniq_edmund, uniq_grinder
D:6:      layout_loops_ring, tso_metal_star,
          minmay_temple_entry_statues_fountains, kennysheep_generic_room_8
D:7:      layout_rooms, mainiacjoe_overflow_cross_hatched, uniq_joseph,
          uniq_pikel
D:8:      nzn_winding_woodlands_cross [nzn_winding_woodlands_5x15_parted,
          nzn_winding_woodlands_5x15_pathside_ponds,
          nzn_winding_woodlands_5x15_sidewinder,
          nzn_winding_woodlands_5x15_longhouse,
          nzn_winding_woodlands_15x15_killbox], layout_basic,
          general_overflow_altar
Temple:   eino_temple_lava

Skill      XL: |  1  2  3  4  5  6  7  8  9 10 |
---------------+-------------------------------+-----
Fighting       | 4 5 6 8 10 | 10.6
Armour         | 4 5 6 7 |  7.3
Shields        | 5 6 7 8 9 |  9.9
Axes           | 3 4 5 6 7 |  7.2
Invocations    | 5 |  5.6

Action                   |  1- 3 |  4- 6 |  7- 9 | 10-12 || total
-------------------------+-------+-------+-------+-------++-------
Melee: War axe           |    58 |   240 |   277 |    84 ||   659
 Abil: Dig               |       |     3 |       |       ||     3
  Use: Scroll            |       |     9 |     3 |     1 ||    13
       Potion            |       |     2 |     1 |     2 ||     5
 Stab: Paralysed         |       |       |     3 |     7 ||    10
Armor: Scale mail        |    27 |   131 |    88 |     4 ||   250
       Steam dragon scal |       |       |       |    16 ||    16
Dodge: Dodged            |    27 |   143 |   150 |    57 ||   377
Block: Buckler           |    16 |    37 |       |       ||    53
       Kite shield       |       |    33 |   154 |    46 ||   233
